 Dungeon Crawl Stone Soup version 0.27-a0-1140-g099f9bb0e8 (webtiles) character file.

Game seed: 3227604082128902496

49 voltaire321 the Skirmisher (level 3, -2/33 HPs)
             Began as a Hill Orc Fighter on May 8, 2021.
             Slain by a crimson imp (3 damage)
             ... summoned by Natasha
             ... on level 3 of the Dungeon.
             The game lasted 00:02:39 (1978 turns).

voltaire321 the Skirmisher (Hill Orc Fighter)       Turns: 1978, Time: 00:02:40

Health: -2/33      AC:  6    Str: 19    XL:     3   Next: 75%
Magic:  3/3        EV:  7    Int:  8    God:
Gold:   78         SH:  9    Dex: 10    Spells: 2/2 levels left

rFire    . . .     SeeInvis .   a - +0 war axe
rCold    . . .     Faith    .   c - +0 kite shield
rNeg     . . .     Spirit   .   b - +0 scale mail
rPois    .         Reflect  .   (no helmet)
rElec    .         Harm     .   (no cloak)
rCorr    .         Rampage  .   (no gloves)
Will     .....                  (no boots)
Stlth    ..........             (no amulet)
HPRegen  0.11/turn              (no ring)
MPRegen  0.08/turn              (no ring)

@: no status effects
A: no striking features
a: no special abilities


You were on level 3 of the Dungeon.
You visited 1 branch of the dungeon, and saw 3 of its levels.

You collected 78 gold pieces.

Inventory:

Hand Weapons
 a - a +0 war axe (weapon)
Missiles
 f - 6 datura-tipped darts (quivered)
Armour
 b - a +0 scale mail (worn)
 c - a +0 kite shield (worn)
Scrolls
 e - 2 scrolls of identify {unknown}
 g - a scroll of acquirement {unknown}
Potions
 d - a potion of might
 h - a potion of brilliance {unknown}


   Skills:
 + Level 4.1 Fighting
 + Level 3.3 Axes
 + Level 3.6 Armour
 + Level 1.0 Dodging
 + Level 3.7 Shields


You had 2 spell levels left.
You didn't know any spells.
Your spell library was empty.

Dungeon Overview and Level Annotations

Branches:
Dungeon (3/15)

Altars:

Annotations:
D:3 Natasha


Message History

You slash the orc!
You kill the orc!
You slash the crimson imp! You barely miss the crimson imp. You hit the orc.
You completely miss Natasha. The orc barely misses you.
The crimson imp hits you but does no damage.
Natasha barely misses you.
The crimson imp hits you but does no damage.
The crimson imp hits you. You block Natasha's attack.
The orc hits you but does no damage. You block the crimson imp's attack.
Your Dodging skill increases to level 1!
You barely miss Natasha. You hit the orc. You barely miss the crimson imp.
You hit the crimson imp but do no damage.
You block the crimson imp's attack. The orc hits you with a +0 hand axe.
Natasha barely misses you. You block the crimson imp's attack.
You completely miss Natasha. You barely miss the orc.
You hit the crimson imp but do no damage. x2
You block the orc's attack. The crimson imp hits you.
You block Natasha's attack. The crimson imp completely misses you.
You block the crimson imp's attack.
Natasha stares at you and mumbles some strange words.
The magic dart hits you!
* * * LOW HITPOINT WARNING * * *
The orc closely misses you.
The crimson imp hits you but does no damage.
You hit Natasha.
Natasha is moderately wounded.
You hit the crimson imp. You miss the crimson imp. You barely miss the orc.
The crimson imp blinks!
You block the orc's attack. Natasha closely misses you.
The crimson imp hits you but does no damage.
Natasha stares at you and mumbles some strange words.
The magic dart hits you!
* * * LOW HITPOINT WARNING * * *
The crimson imp blinks!
The orc hits you but does no damage.
You hit Natasha.
Natasha is heavily wounded.
You hit the orc.
You kill the orc!
You barely miss the crimson imp. You block the crimson imp's attack.
Natasha closely misses you. The crimson imp hits you.
You die...

.# #.# .# #.# .#
.# #$## .# .#
##########..# .#
.# #...........#
.# .#
#.########..##.#
## #.# #...#.#
#.#
####+#.#K###...
####.#
#.....§@.......
.....#
#.....5)h......
######
#..[..........5
#
#$......>......
#
#..........§...
#
................
#
..............##
# .............#
#


You could see Natasha, 2 crimson imps and a kobold.

Vanquished Creatures
  An adder (D:2)
  2 orcs (D:3)
  4 ball pythons
  5 endoplasms
  2 giant cockroaches (D:1)
  A hobgoblin (D:1)
  3 jackals (D:2)
  2 bats (D:2)
  4 frilled lizards
  3 goblins
  5 kobolds
  7 rats
39 creatures vanquished.

Notes
Turn   | Place    | Note
-------+----------+-------------------------------------------
     0 | D:1      | voltaire321 the Hill Orc Fighter began the quest for the
                  | Orb.
     0 | D:1      | Reached XP level 1. HP: 19/19 MP: 1/1
   404 | D:1      | Reached XP level 2. HP: 27/27 MP: 2/2
   512 | D:1      | Found a faded altar of an unknown god.
  1163 | D:2      | Reached XP level 3. HP: 33/33 MP: 3/3
  1296 | D:2      | Reached skill level 4 in Fighting
  1967 | D:3      | Noticed Natasha
  1975 | D:3      | Reached skill level 1 in Dodging
  1977 | D:3      | HP: 1/33 [Natasha/magic dart (7)]
  1978 | D:3      | Slain by a crimson imp

Illustrated notes

Levels and vault maps discovered:
D:1:      kilobyte_arrival_exit_the_forest, layout_basic,
          ebering_ecumenical_altar_hall
D:2:      layout_loops_ring
D:3:      layout_basic, eino_tiny_chamber, uniq_natasha, uniq_grinder,
          uniq_jessica

Skill      XL: |  1  2  3 |
---------------+----------+-----
Axes           | 3 |  3.3
Fighting       | 4 |  4.1
Dodging        | 1 |  1.0
Armour         | |  3.6
Shields        | |  3.7

Action                   || total
-------------------------++-------
Melee: War axe           ||    96
Armor: Scale mail        ||    50
Dodge: Dodged            ||    32
Block: Kite shield       ||    54

Table legend: (Time is in decaauts)
 A = Elapsed time spent in this place.
 B = Non-inter-level travel time spent in this place.
 C = Inter-level travel time spent in this place.
 D = Time resting spent in this place.
 E = Time spent auto-exploring this place.
 F = Levels seen in this place.
 G = Mean time per level.
                   A        B        C        D        E       F      G
               +--------+--------+--------+--------+--------+-----+--------+
         Total |   2042 |   2002 |     40 |    162 |   1558 |   3 |  680.7 |
       Dungeon |   2042 |   2002 |     40 |    162 |   1558 |   3 |  680.7 |
               +--------+--------+--------+--------+--------+-----+--------+

Top non-repeatable levels by time:
     D:1: 1137 daAuts
     D:2: 792 daAuts
     D:3: 112 daAuts
